[ AOE2 MATCH · #505834711 ]
UnrankedPersians vs Dravidians
Player's team · WIN
Rival team · LOSS
[ REPLAY ANALYSIS · EXTRACTED FROM THE RECORDED GAME ]
Feudal
—
Castle
—
Imperial
—
| APM avg | 22.9 |
| APM peak | 48 |
| eAPM avg | 8.2 |
| Villagers / military | 16 / 0 |
Focus
⚔️ 14.0% · 🌾 86.0%
Feudal
—
Castle
—
Imperial
—
| APM avg | 32.1 |
| APM peak | 44 |
| eAPM avg | 18.1 |
| Villagers / military | 27 / 0 |
Focus
⚔️ 16.4% · 🌾 83.6%
Match map
Initial resources + every placement click. Lines = walls · curves = elevation contours. ◆ gold · ⬟ stone · ● berries · ✦ relic · ◌ wall gap
Your base
manco's base
Smoothed initial terrain · ◌ = detected wall gap · hover for details
Inputs per minute
— willem.goossenss - - manco
Build order — willem.goossenss
28 actions detected in the replay
| 0:07 | Build | House |
| 0:09 | Queue | Villager (Male) |
| 0:09 | Queue | Villager (Male) |
| 0:09 | Queue | Villager (Male) |
| 0:09 | Queue | Villager (Male) |
| 1:02 | Queue | Villager (Male) |
| 1:49 | Build | House |
| 1:53 | Queue | Villager (Male) |
| 2:16 | Build | Lumber Camp |
| 2:24 | Queue | Villager (Male) |
| 2:46 | Queue | Villager (Male) |
| 3:00 | Queue | Villager (Male) |
| 3:37 | Queue | Villager (Male) |
| 3:37 | Queue | Villager (Male) |
| 4:02 | Queue | Villager (Male) |
| 4:17 | Research | Loom |
| 5:00 | Queue | Villager (Male) |
| 5:00 | Queue | Villager (Male) |
| 5:03 | Build | House |
| 6:11 | Build | Town Center |
| 6:24 | Build | Palisade Wall |
| 6:26 | Build | Palisade Wall |
| 6:27 | Build | Palisade Wall |
| 6:28 | Build | Palisade Wall |
| 6:35 | Build | Palisade Wall |
| 7:16 | Queue | Villager (Male) |
| 7:16 | Queue | Villager (Male) |
| 7:47 | Build | Mill |
Build order — manco
33 actions detected in the replay
| 0:00 | Queue | Villager (Male) |
| 0:02 | Build | House |
| 0:04 | Build | House |
| 0:09 | Queue | Villager (Male) |
| 0:09 | Queue | Villager (Male) |
| 0:09 | Queue | Villager (Male) |
| 1:31 | Queue | Villager (Male) |
| 1:32 | Queue | Villager (Male) |
| 1:32 | Queue | Villager (Male) |
| 2:01 | Queue | Villager (Male) |
| 2:01 | Queue | Villager (Male) |
| 2:01 | Queue | Villager (Male) |
| 2:01 | Queue | Villager (Male) |
| 2:28 | Queue | Villager (Male) |
| 2:28 | Queue | Villager (Male) |
| 2:45 | Queue | Villager (Male) |
| 2:45 | Queue | Villager (Male) |
| 2:49 | Build | Lumber Camp |
| 3:08 | Queue | Villager (Male) |
| 3:34 | Queue | Villager (Male) |
| 3:35 | Queue | Villager (Male) |
| 3:51 | Build | House |
| 4:02 | Queue | Villager (Male) |
| 4:02 | Queue | Villager (Male) |
| 4:45 | Queue | Villager (Male) |
| 5:09 | Queue | Villager (Male) |
| 5:39 | Build | House |
| 5:52 | Queue | Villager (Male) |
| 6:15 | Queue | Villager (Male) |
| 7:08 | Queue | Villager (Male) |
| 7:08 | Queue | Villager (Male) |
| 7:08 | Queue | Villager (Male) |
| 7:08 | Research | Loom |
Match timeline
| 6:24 | willem.goossenss · wall_segment Palisade Wall x1 |
| 6:26 | willem.goossenss · wall_segment Palisade Wall x1 |
| 6:27 | willem.goossenss · wall_segment Palisade Wall x1 |
| 6:28 | willem.goossenss · wall_segment Palisade Wall x1 |
| 6:35 | willem.goossenss · wall_segment Palisade Wall x1 |
| 9:37 | manco · resign |
[ AI ANALYSIS · 1 CREDIT ]
What really happened in this match?
Wolo.gg analyzes every decision: build order, eco, micro, common mistakes by bracket. Personalized analysis on WhatsApp or Discord in 30 seconds.
Civ guide
Persians
Perfil
Jugador #18689586